 Dungeon Crawl Stone Soup version 0.32-a0-411-g744942f433 (webtiles) character file.

Game seed: 15362201790965359361

17 shadowstone the Sneak (level 2, 22/22 HPs)
             Began as a Coglin Brigand on Feb 20, 2024.
             Quit the game on level 1 of the Dungeon.
             The game lasted 00:01:12 (230 turns).

shadowstone the Sneak (Coglin Brigand)               Turns: 230, Time: 00:01:13

Health: 22/22      AC:  3    Str: 11    XL:     2   Next: 62%
Magic:  2/2        EV: 11    Int: 10    God:
Gold:   33         SH:  0    Dex: 15    Spells: 1/1 levels left

rFire   . . .        a - +2 dagger {Pancho}
rCold   . . .        (no shield)
rNeg    . . .        b - +0 robe
rPois   .            (no helmet)
rElec   .            c - +0 cloak
rCorr   .            (no gloves)
SInv    .            (no boots)
Will    .....        (no amulet)
Stlth   +++          (no ring)
HPRegen 0.23/turn    (no ring)
MPRegen 0.08/turn

%: no passive effects
@: no status effects
A: off-hand wielding, slow wielding, warmup strikes, legs shutdown
a: no special abilities


You were on level 1 of the Dungeon.
You visited 1 branch of the dungeon, and saw 1 of its levels.

You collected 33 gold pieces.

Inventory:

Hand Weapons
 a - a +2 dagger (weapon) {Pancho}
Missiles
 d - 9 poisoned darts
 e - 3 curare-tipped darts
 f - 2 boomerangs (quivered)
Armour
 b - a +0 robe (worn)
 c - a +0 cloak (worn)
Scrolls
 h - a scroll of fog {unknown}
 i - a scroll of blinking {unknown}
Potions
 g - a potion of heal wounds {unknown}


   Skills:
 + Level 2.0 Fighting
 + Level 1.7 Short Blades
 + Level 1.8 Throwing
 + Level 0.8 Dodging
 + Level 3.9 Stealth


You had one spell level left.
You didn't know any spells.
Your spell library contained the following spells:

 Spells                   Type           Power      Damage    Failure   Level
 Inner Flame              Hex/Fire       0%         N/A       75%         3
 Flame Wave               Conj/Fire      0%         2d4       98%         4
 Sticky Flame             Fire/Alch      0%         2d4       98%         4


Dungeon Overview and Level Annotations

Branches:
Dungeon (1/15)

Altars:


Innate Abilities, Weirdness & Mutations

You can wield a second weapon in your off-hand.
It takes a long time for you to wield or remove held weapons.
Your first few attacks do less damage.
Attacking and casting redirects power from your legs.


Message History

Found 13 gold pieces.
You throw a boomerang.
The boomerang hits the kobold but does no damage.
The kobold shouts!
You throw a boomerang. The boomerang hits the kobold.
You kill the kobold!
You hear a splash. x2
You throw a boomerang.
The boomerang closely misses the quokka.
You throw a boomerang. The boomerang hits the quokka.
The quokka is almost dead.
You throw a boomerang. The boomerang barely misses the quokka.
You throw a boomerang. The boomerang misses the quokka.
The quokka bites you.
You throw a boomerang. The boomerang hits the quokka!
You kill the quokka!
HP restored.
Found a faded altar of an unknown god.
You see here a quokka corpse.
You now have 27 gold pieces (gained 13).
Found a hat.
No target in view!
No target in view!
No target in view!
No target in view!
No target in view!
You now have 33 gold pieces (gained 6).
You see here an orb of energy.
No target in view!
No target in view!
No target in view!
Found 2 stones.
No target in view!
A ball python comes into view.
Found 19 gold pieces and a scroll labelled HYVEOC LOESAZ.
You see here 2 stones.
A ball python is nearby!
A ball python is nearby!
A ball python is nearby!
A ball python is nearby!
Are you sure you want to abandon this character and quit the game? (Confirm with "yes".)

.
#.~⌠~.~)~.........[
.
#..............###
. ####.##.###.##.#
. #....###.# .# .
###......# .# #
###.#### .###+##
#.# $......
#.#####.......
#.....@.......
##########........
#...♣. ........S
#####P..P.
..###.###.
....♣...♣♣~ ..P .#
..P...~♣~~~ ♣.P. #
......~~~~~ ....
#..♣.~~~♣~♣.P.?.
###††P~.~~)


You could see a ball python (asleep).

Vanquished Creatures
  A hobgoblin (D:1)
  2 kobolds (D:1)
  A quokka (D:1)
  2 ball pythons (D:1)
  A bat (D:1)
  A frilled lizard (D:1)
  3 rats (D:1)
11 creatures vanquished.

Notes
Turn   | Place    | Note
-------+----------+-------------------------------------------
     0 | D:1      | shadowstone the Coglin Brigand began the quest for the Orb.
     0 | D:1      | Reached XP level 1. HP: 16/16 MP: 1/1
   112 | D:1      | Reached XP level 2. HP: 22/22 MP: 2/2
   196 | D:1      | Found a faded altar of an unknown god.
   230 | D:1      | Quit the game

Illustrated notes

Levels and vault maps discovered:
D:1:      hellmonk_arrival_library, layout_basic, serial_bayou,
          serial_bayou_lagoon_a, serial_bayou_pond_d, serial_bayou_shore_a,
          serial_bayou_pond_a, serial_shops, nicolae_shop_just_a_little_nook,
          shapermc_ecumenical_altar_acropolis, serial_bayou_pond_e

Action                     || total
---------------------------++-------
  Melee: Dagger            ||     5
  Throw: Boomerang         ||    20
 Armour: Robe              ||     2
  Dodge: Dodged            ||     4

Table legend: (Time is in decaauts)
 A = Elapsed time spent in this place.
 B = Non-inter-level travel time spent in this place.
 C = Inter-level travel time spent in this place.
 D = Time resting spent in this place.
 E = Time spent auto-exploring this place.
 F = Levels seen in this place.
 G = Mean time per level.
                   A        B        C        D        E       F      G
               +--------+--------+--------+--------+--------+-----+--------+
         Total |    233 |    233 |      0 |      0 |    150 |   1 |  233.0 |
       Dungeon |    233 |    233 |      0 |      0 |    150 |   1 |  233.0 |
               +--------+--------+--------+--------+--------+-----+--------+

Top non-repeatable levels by time:
     D:1: 233 daAuts
